 Dungeon Crawl Stone Soup version 0.26-a0-1101-g8f9f7f7418 (webtiles) character file.

Game seed: 9685328274064081546

2757 Dracia the Spear-Bearer (level 9, -29/53 HPs)
             Began as a Merfolk Ice Elementalist on Dec 15, 2020.
             Was a Follower of Hepliaklqana.
             Annihilated by a boulder beetle (51 damage)
             ... on level 8 of the Dungeon.
             The game lasted 00:19:53 (8762 turns).

Dracia the Spear-Bearer (Merfolk Ice Elementalist)  Turns: 8762, Time: 00:19:54

Health: -29/53     AC: 12    Str: 10      XL:     9   Next: 69%
Magic:  20/24      EV: 12    Int: 15      God:    Hepliaklqana [*.....]
Gold:   243        SH:  0    Dex: 12 (15) Spells: 9/16 levels left

rFire    x . .     SeeInvis .   s - +0 trident
rCold    + + .     Faith    .   (no shield)
rNeg     . . .     Spirit   .   u - +2 leather armour {rC+}
rPois    .         Reflect  .   (no helmet)
rElec    .         Harm     .   (no cloak)
rCorr    .         Rampage  .   (no gloves)
Will     .....                  (no boots)
Stlth    ++........             w - amulet of magic regeneration
HPRegen  0.17/turn              W - ring of magical power
MPRegen  0.44/turn              C - ring of ice

@: mighty, icy armour, frozen ramparts
A: change form in water, swift swim, stealthy swim, reduced essence, rugged
brown scales 1, deterioration 1
a: Recall Ancestor, Ancestor Identity, Renounce Religion


You were on level 8 of the Dungeon.
You worshipped Hepliaklqana.
Hepliaklqana was aware of your devotion.
You visited 2 branches of the dungeon, and saw 9 of its levels.

You collected 453 gold pieces.
You spent 210 gold pieces at shops.


Innate Abilities, Weirdness & Mutations

You revert to your normal form in water.
You are very nimble and swift while swimming.
You are very stealthy in the water. (Stealth+)
Your life essence is reduced to manifest your ancestor. (-10% HP)
You are partially covered in rugged brown scales. (AC +1, +3% HP)
Your body sometimes deteriorates upon taking damage.


   Skills:
 + Level 12.7 Polearms
 - Level 2.6 Dodging
 - Level 2.1 Stealth
 + Level 4.0 Spellcasting
 - Level 10.0 Ice Magic


You had 9 spell levels left.
You knew the following spells:

 Your Spells              Type           Power        Failure   Level
o - Ozocubu's Armour      Ice            #####...     1%          3
r - Frozen Ramparts       Ice            #####.       1%          3
z - Freeze                Ice            ####         1%          1

Your spell library contained the following spells:

 Spells                   Type           Power        Failure   Level
 Sandblast                Erth           #.....       24%         1
 Hailstorm                Conj/Ice       ####....     30%         4
 Summon Ice Beast         Ice/Summ       ####....     30%         4
 Passwall                 Tmut/Erth      #.......     36%         2
 Stone Arrow              Conj/Erth      #.....       58%         3
 Petrify                  Tmut/Erth      #.......     94%         4
 Lee's Rapid Deconstruct  Erth           #.........   100%        5

Inventory:

Hand Weapons
 b - a +0 dagger
 k - a +0 short sword of venom
 s - a +0 trident (weapon)
Missiles
 d - a throwing net {=f=f}
 n - 32 poisoned darts
Armour
 a - a +0 robe
 c - a +1 leather armour
 u - a +2 leather armour of cold resistance (worn)
 y - -2 steam dragon scales
Jewellery
 w - an amulet of magic regeneration (around neck)
 x - a cursed ring of attention {unknown}
 z - an uncursed ring of positive energy {unknown}
 C - a ring of ice (right hand)
 W - a ring of magical power (left hand)
Wands
 l - a wand of iceblast (9)
 v - a wand of digging (11)
Scrolls
 f - a scroll of immolation
 h - a scroll of magic mapping
 o - a scroll of remove curse {@r2@r2}
 p - a scroll of fog
 q - 2 scrolls of blinking
 r - 2 scrolls of identify {@r1@r1}
 t - 2 scrolls of teleportation {@r4@r4}
Potions
 e - a potion of ambrosia
 i - 2 potions of attraction
 j - 2 potions of brilliance
 m - 5 potions of curing {@q1@q1}

Dungeon Overview and Level Annotations

Branches:
Dungeon (8/15)             Temple (1/1) D:4
   Lair: D:8-11

Altars:
Ashenzari
Cheibriados
Dithmenos
Elyvilon
Fedhas
Gozag
Hepliaklqana
Kikubaaqudgha
Makhleb
Nemelex Xobeh
Okawaru
Qazlal
Ru
Sif Muna
Trog
Uskayaw
Vehumet
Wu Jian
Xom
Yredelemnul
Zin
The Shining One

Shops:
D:4 !

Annotations:
D:7 2 transporters, ma3's ghost, novice TrMo

.. ... #.. ### .#.#
..#..#.#
..#######○°.##.#
##......B####.#
.....$..@....#####
.................##.#
..#######...........#
#.........#######
........#........#
#####.####.#####.##.#
#.#..... #.......#..#
#.#.##############.#.##
#.#.# #..............#


You could see a boulder beetle.


Message History

The walls around you are covered in ice.
The wall freezes the boulder beetle!
The wall freezes the boulder beetle.
The boulder beetle hits you!!!
Ouch! That really hurt!
* * * LOW HITPOINT WARNING * * *
The boulder beetle stops rolling and uncurls.
You hear a shout!
You hear an angry hiss.
Eadburga hits the boulder beetle.
The wall freezes the boulder beetle!
The boulder beetle curls into a ball and begins rolling!
You feel very mighty all of a sudden.
Eadburga hits the boulder beetle.
The wall freezes the boulder beetle!
The boulder beetle hits Eadburga!!!
Eadburga is destroyed!
The boulder beetle stops rolling and uncurls.
Reach: s) +0 trident
Press: ? - help, Dir - move target, f - boulder beetle
Aim: a boulder beetle (heavily wounded)
You reach to attack!
You hit the boulder beetle but do no damage.
The boulder beetle is heavily wounded.
Unknown command.
You feel better.
The wall freezes the boulder beetle.
The boulder beetle curls into a ball and begins rolling!
Casting: Frozen Ramparts (safe; 1% risk of failure)
Confirm with . or Enter, or press ? or * to list all spells.
You feel a surge of power! A film of ice covers your body!
The wall freezes the boulder beetle.
The wall freezes the boulder beetle!
The boulder beetle hits you!!!
Ouch! That really hurt!
You die...

Skill      XL: |  1  2  3  4  5  6  7  8  9 |
---------------+----------------------------+-----
Ice Magic      | 5 6 7 8 9 10 | 10.0
Polearms       | 2 5 11 12 | 12.7
Spellcasting   | 4 |  4.0
Dodging        | |  2.6
Stealth        | |  2.1

Action                   |  1- 3 |  4- 6 |  7- 9 || total
-------------------------+-------+-------+-------++-------
Melee: Unarmed           |    37 |       |       ||    37
       Dagger            |    17 |       |       ||    17
       Short sword       |    20 |    29 |       ||    49
       Trident           |       |    54 |   247 ||   301
 Cast: Freeze            |    49 |    28 |    27 ||   104
       Frozen Ramparts   |       |     5 |    13 ||    18
       Ozocubu's Armour  |       |     1 |     6 ||     7
  Use: Potion            |     1 |     9 |     8 ||    18
       Scroll            |     1 |     6 |     5 ||    12
 Stab: Sleeping          |     4 |     5 |     2 ||    11
       Distracted        |       |       |     4 ||     4
Armor: Robe              |     5 |       |       ||     5
       Leather armour    |    27 |    24 |    44 ||    95
Dodge: Dodged            |    69 |    76 |   114 ||   259

Levels and vault maps discovered:
D:1:      nagdon_arrival_zigzag_paths, layout_basic, minmay_misc_feat_encased,
          moated_statue
D:2:      layout_loops_ring, kennysheep_slug_shrine, serial_forest,
          infiniplex_forest_end_3, infiniplex_forest_lined_room_3,
          infiniplex_forest_zigzag_1, infiniplex_forest_straight_4,
          infiniplex_forest_clump_medium, infiniplex_forest_clump_medium,
          infiniplex_forest_lined_3, infiniplex_forest_straight_2, uniq_sigmund
D:3:      layout_basic
D:4:      layout_loops_ring, minmay_temple_entry_statues_fountains,
          serial_shops, nicolae_shop_trees
D:5:      layout_basic, trog_book
D:6:      kennysheep_steamy, layout_cave_pools, ebering_ghost_sewer_d,
          basic_altar, minivault_27
D:7:      layout_loops_ring, gammafunk_ghost_hive
D:8:      minmay_ornate_pinched, layout_basic, lemuel_altar_in_water
Temple:   kilobyte_greek_temple

Notes
Turn   | Place    | Note
-------+----------+-------------------------------------------
     0 | D:1      | Dracia the Merfolk Ice Elementalist began the quest for the
                  | Orb.
     0 | D:1      | Reached XP level 1. HP: 13/13 MP: 3/3
    66 | D:1      | HP: 1/13 [rat (1)]
   518 | D:1      | Reached XP level 2. HP: 17/19 MP: 0/5
   526 | D:1      | Reached skill level 5 in Ice Magic
  1151 | D:1      | Reached XP level 3. HP: 20/24 MP: 4/6
  1722 | D:2      | HP: 2/24 [worm (10)]
  2009 | D:2      | Reached skill level 6 in Ice Magic
  2104 | D:2      | Reached XP level 4. HP: 24/30 MP: 7/7
  2125 | D:2      | Learned a level 3 spell: Frozen Ramparts
  2129 | D:2      | Learned a level 3 spell: Ozocubu's Armour
  2236 | D:2      | Found a snail-covered altar of Cheibriados.
  2269 | D:2      | Noticed Sigmund
  2292 | D:2      | HP: 3/30 [something (11)]
  2301 | D:2      | Killed Sigmund
  2302 | D:2      | Reached skill level 7 in Ice Magic
  2302 | D:2      | Reached XP level 5. HP: 14/35 MP: 8/8
  2302 | D:2      | Reached XP level 6. HP: 16/41 MP: 9/9
  2544 | D:2      | Reached skill level 8 in Ice Magic
  3688 | D:3      | Reached skill level 1 in Polearms
  4601 | D:4      | Reached skill level 2 in Polearms
  4847 | D:4      | Reached XP level 7. HP: 46/46 MP: 10/10
  4877 | D:4      | Found Qelix's Distillery.
  4881 | D:4      | Bought a potion of heal wounds for 50 gold pieces
  4881 | D:4      | Bought a potion of heal wounds for 50 gold pieces
  4881 | D:4      | Bought a potion of curing for 30 gold pieces
  4881 | D:4      | Bought a potion of mutation for 80 gold pieces
  4881 | D:4      | Gained mutation: Your body sometimes deteriorates upon
                  | taking damage. [potion of mutation]
  4881 | D:4      | Gained mutation: You are partially covered in rugged brown
                  | scales. (AC +1, +3% HP) [potion of mutation]
  4904 | D:4      | Found a staircase to the Ecumenical Temple.
  4928 | Temple   | Entered the Ecumenical Temple
  5044 | Temple   | Became a worshipper of Hepliaklqana the Forgotten
  5295 | D:5      | Entered Level 5 of the Dungeon
  5434 | D:5      | Reached skill level 3 in Polearms
  5517 | D:5      | HP: 4/42 [ice beast (10)]
  5523 | D:5      | Reached skill level 4 in Polearms
  5789 | D:5      | Found a bloodstained altar of Trog.
  5852 | D:5      | Reached skill level 9 in Ice Magic
  6262 | D:6      | Reached skill level 5 in Polearms
  6411 | D:6      | Reached XP level 8. HP: 40/48 MP: 11/11
  6511 | D:6      | Reached skill level 6 in Polearms
  6762 | D:6      | Reached * piety under Hepliaklqana
  6784 | D:6      | Reached skill level 7 in Polearms
  6784 | D:6      | Reached skill level 10 in Ice Magic
  6984 | D:6      | Found an ornate altar of the Wu Jian Council.
  7007 | D:6      | Reached skill level 8 in Polearms
  7370 | D:6      | Found a runed translucent door.
  7392 | D:6      | Noticed bmj180's ghost (novice DrCj)
  7420 | D:6      | Killed bmj180's ghost
  7421 | D:6      | Reached skill level 11 in Polearms
  7421 | D:6      | Reached XP level 9. HP: 37/53 MP: 12/12
  7808 | D:7      | Reached skill level 12 in Polearms
  7866 | D:7      | Noticed a queen bee
  7871 | D:7      | Found a transporter.
  7878 | D:7      | Found a transporter.
  7878 | D:7      | Noticed ma3's ghost (novice TrMo)
  7894 | D:7      | Reached skill level 3 in Spellcasting
  8506 | D:8      | Found a hide-covered altar of Uskayaw.
  8721 | D:8      | Reached skill level 4 in Spellcasting
  8755 | D:8      | Noticed a boulder beetle
  8762 | D:8      | Annihilated by a boulder beetle

Vanquished Creatures
  The ghost of bmj180 the Conjurer, a novice DrCj (D:6)
  Sigmund (D:2)
  3 orc warriors
  An ice beast (D:5)
  A phantom (D:8)
  A black bear (D:7)
  A centaur (D:6)
  3 bullfrogs
  3 scorpions
  A bullfrog zombie (D:8)
  A hound (D:7)
  4 orc wizards
  2 centaur skeletons (D:7)
  An orc priest (D:3)
  2 bullfrog skeletons
  2 worker ants
  2 iguanas (D:7)
  A hound zombie (D:7)
  A howler monkey skeleton (D:6)
  11 adders
  3 shadow imps
  A white imp (D:6)
  3 oozes
  2 adder zombies
  An adder skeleton (D:6)
  7 worms
  2 dart slugs (D:2)
  2 leopard geckos
  25 orcs
  2 giant cockroaches
  8 hobgoblins
  6 jackals
  10 kobolds
  3 quokkas
  A ball python (D:3)
  A ball python skeleton (D:4)
  4 bats
  4 frilled lizards
  12 goblins
  2 jackal skeletons
  8 rats
150 creatures vanquished.

Vanquished Creatures (collateral kills)
  A steam dragon (D:6)
  An ice beast (D:7)
  A bullfrog (D:6)
  A bullfrog zombie (D:6)
  A quasit (D:8)
  2 jellies
  An orc wizard (D:6)
  An adder (D:6)
  A white imp (D:5)
  A leopard gecko (D:5)
  An orc (D:6)
  A giant cockroach (D:6)
  A quokka skeleton (D:6)
14 creatures vanquished.

Vanquished Creatures (others)
  4 ancestors
  4 plants (D:2)
8 creatures vanquished.

Grand Total: 172 creatures vanquished

Table legend: (Time is in decaauts)
 A = Elapsed time spent in this place.
 B = Non-inter-level travel time spent in this place.
 C = Inter-level travel time spent in this place.
 D = Time resting spent in this place.
 E = Time spent auto-exploring this place.
 F = Levels seen in this place.
 G = Mean time per level.
                   A        B        C        D        E       F      G
               +--------+--------+--------+--------+--------+-----+--------+
         Total |   8723 |   8481 |    242 |   1493 |   5556 |   9 |  969.2 |
       Dungeon |   8568 |   8362 |    206 |   1493 |   5463 |   8 | 1071.0 |
        Temple |    154 |    118 |     36 |      0 |     93 |   1 |  154.0 |
               +--------+--------+--------+--------+--------+-----+--------+

Top non-repeatable levels by time:
     D:1: 1560 daAuts
     D:3: 1517 daAuts
     D:6: 1501 daAuts
     D:2: 1374 daAuts
     D:7: 892 daAuts
     D:5: 774 daAuts
     D:4: 696 daAuts
     D:8: 251 daAuts
  Temple: 154 daAuts

Table legend:
 A = Non-vault XP
 B = Vault XP
 C = Vault XP percentage of total XP
 D = Non-vault monster count
 E = Vault monster count
 F = Vault count percentage of total count
                 A         B        C        D         E       F
            +---------+---------+-------+---------+---------+-------
      Total |    2796 |    1143 |  29.0 |     157 |       7 |   4.3
            +---------+---------+-------+---------+---------+-------
        D:1 |      40 |       0 |   0.0 |      26 |       0 |   0.0
        D:2 |      96 |     242 |  71.6 |      24 |       2 |   7.7
        D:3 |     151 |       0 |   0.0 |      23 |       0 |   0.0
        D:4 |      97 |       0 |   0.0 |      10 |       0 |   0.0
        D:5 |     223 |       0 |   0.0 |      10 |       0 |   0.0
        D:6 |     777 |     901 |  53.7 |      27 |       5 |  15.6
        D:7 |    1181 |       0 |   0.0 |      31 |       0 |   0.0
        D:8 |     231 |       0 |   0.0 |       6 |       0 |   0.0
            +---------+---------+-------+---------+---------+-------
